 Dungeon Crawl Stone Soup version 0.28.0-49-g6dfe1f597d (webtiles) character file.

Game seed: 204417778004439148

12355 Atelerd the Thaumaturge (level 11, -5/96 HPs)
             Began as an Octopode Earth Elementalist on May 15, 2022.
             Was a Priest of Sif Muna.
             Slain by a chaos spawn (7 damage)
             ... summoned by an orc sorcerer
             ... led by an orc warlord
             ... on level 2 of the Orcish Mines.
             The game lasted 00:30:05 (17997 turns).

Atelerd the Thaumaturge (OpEE)                     Turns: 17997, Time: 00:30:06

Health: -5/96      AC: 25    Str:  7    XL:     11   Next: 92%
Magic:  3/25       EV:  2    Int: 28    God:    Sif Muna [***...]
Gold:   949        SH:  0    Dex: 13    Spells: 15/30 levels left

rFire   . . .      SeeInvis .   I - +0 dagger (elec)
rCold   . . .      Faith    .   (no shield)
rNeg    . . .      Spirit   .   (helmet currently unavailable)
rPois   +          Reflect  .   (no amulet)
rElec   .          Harm     .   h - ring of poison resistance
rCorr   .          Rampage  .   y - +4 ring of evasion
Will    +....      NoTele   +   K - ring of willpower
Stlth   ++++......              L - +6 ring of intelligence
HPRegen 0.26/turn               (no ring)
MPRegen 0.19/turn               (no ring)
                                (no ring)
                                (no ring)

@: mighty, tree-form, hasted, invisible, very quick
A: stationary, stasis, torment immunity, boosted hp, almost no armour,
(amphibious), 8 rings, (camouflage 1), (gelatinous body 1), (nimble swimmer 1),
(tentacles)
a: Renounce Religion, Channel Magic, Forget Spell


You were on level 2 of the Orcish Mines.
You worshipped Sif Muna.
Sif Muna was most pleased with you.
You were a tree.
You visited 3 branches of the dungeon, and saw 14 of its levels.

You collected 1021 gold pieces.
You spent 72 gold pieces at shops.

Inventory:

Hand Weapons
 f - a +0 short sword of draining
 k - a +2 dagger of draining
 m - a +2 rapier of holy wrath
 r - a +2 dagger of speed
 H - a +5 short sword of venom
 I - a +0 dagger of electrocution (weapon)
Missiles
 i - 2 throwing nets
Magical Staves
 e - a staff of earth
Jewellery
 h - a ring of poison resistance (left branch)
 p - a ring of ice
 v - an amulet of guardian spirit
 y - a +4 ring of evasion (right branch)
 K - a ring of willpower (on tentacle)
 L - a +6 ring of intelligence (on tentacle)
Wands
 g - a wand of polymorph (20)
 u - a wand of mindburst (15)
Scrolls
 a - 3 scrolls of vulnerability
 j - 4 scrolls of immolation
 l - 2 scrolls of magic mapping
 n - 2 scrolls of enchant weapon
 x - a scroll of amnesia
 B - 2 scrolls of noise
Potions
 c - 2 potions of cancellation {unknown}
 t - a potion of resistance {unknown}
 w - a potion of might
 A - 3 potions of lignification
 C - 2 potions of flight
 D - a potion of berserk rage {unknown}
 G - 2 potions of mutation {unknown}


   Skills:
 - Level 2.0 Fighting
 - Level 2.0 Short Blades
 - Level 5.0 Dodging
 - Level 10.0 Stealth
 - Level 10.0 Spellcasting
 + Level 3.2 Conjurations
 - Level 2.0 Hexes
 - Level 6.0 Transmutations
 + Level 4.8 Air Magic
 + Level 8.4 Earth Magic
 - Level 2.0 Poison Magic
 + Level 4.9 Invocations


You had 15 spell levels left.
You knew the following spells:

 Your Spells              Type           Power      Damage    Failure   Level
a - Sandblast             Erth           100%       2d20      1%          1
b - Mephitic Cloud        Conj/Pois/Air  32%        N/A       3%          3
c - Cause Fear            Hex            12%        N/A       17%         4
p - Petrify               Tmut/Erth      53%        N/A       1%          4
r - Stone Arrow           Conj/Erth      92%        3d12      1%          3

Your spell library contained the following spells:

 Spells                   Type           Power      Damage    Failure   Level
 Magic Dart               Conj           100%       1d8       1%          1
 Passwall                 Tmut/Erth      44%        N/A       1%          2
 Pain                     Necr           56%        1d6       4%          1
 Call Imp                 Summ           14%        N/A       6%          2
 Scorch                   Fire           28%        2d6       6%          2
 Inner Flame              Hex/Fire       19%        N/A       8%          3
 Summon Guardian Golem    Hex/Summ       19%        N/A       8%          3
 Ozocubu's Armour         Ice            14%        N/A       12%         3
 Metabolic Englaciation   Hex/Ice        9%         N/A       58%         5
 Dragon Form              Tmut           23%        N/A       96%         7
 Simulacrum               Ice/Necr       7%         N/A       99%         6
 Orb of Destruction       Conj           16%        9d7       100%        7
 Spellforged Servitor     Conj/Summ      11%        N/A       100%        7
 Borgnjor's Revivificati  Necr           7%         N/A       100%        8
 Discord                  Hex            12%        N/A       100%        8
 Dragon's Call            Summ           7%         N/A       100%        9


Dungeon Overview and Level Annotations

Branches:
Dungeon (11/15)            Temple (1/1) D:7            Lair (0/6) D:8
    Orc (2/2) D:10            Elf (0/3) Orc:2

Altars:
Ashenzari
Gozag
Hepliaklqana
Makhleb
Okawaru
Ru
Sif Muna
Trog
Uskayaw
Vehumet
Wu Jian
Xom
Yredelemnul
Zin
The Shining One

Shops:
D:10 *

Annotations:
D:2 exclusion: 2 downstairs
D:9 exclusion: 2 downstairs
Orc:1 exclusion: downstairs
Orc:2 Snorg


Innate Abilities, Weirdness & Mutations

You are a tree.
Your roots penetrate the ground, keeping you stationary.
You cannot be teleported.
You are immune to unholy pain and torment.
Your maximum health is greatly increased.
You cannot wear most types of armour.
((You are amphibious.))
You can wear up to eight rings at the same time.
((Your skin changes colour to match your surroundings (Stealth+).))
((Your rubbery body absorbs attacks. (AC +1, EV +1)))
((You are camouflaged when in or above water. (Stealth+)))
((You have tentacles for arms and can constrict up to eight enemies at once.))


Message History

Your orc priest completely misses the ogre.
Unknown command.
Unknown command.
Okay, then.
Unknown command.
Unknown command.
Unknown command.
As you read the scroll labelled KUMAOPTEEVE, it crumbles to dust.
It is a scroll of brand weapon.
Your +5 short sword drips with poison.
H - a +5 short sword of venom The orc priest looks braver for a moment.
The chaos spawn gores you.
* * * LOW HITPOINT WARNING * * *
The ogre hits you but does no damage.
Unknown command.
Okay, then.
Casting: Stone Arrow (safe; 1% risk of failure)
Confirm with . or Enter, or press ? or * to list all spells.
Casting: Cause Fear (dangerous; 17% risk of failure)
Press: ? - help, Dir - look around, f - activate
Okay, then.
Casting: Cause Fear (dangerous; 17% risk of failure)
Confirm with . or Enter, or press ? or * to list all spells.
Aiming: Mephitic Cloud (mildly dangerous; 3% risk of failure)
Press: ? - help, Shift-Dir - straight line, f - orc
Aim: an orc, wielding a +0 dagger of draining (lightly wounded, strong, chance to affect: 96%)
The ball explodes into a vile cloud!
The stinking cloud engulfs the orc but does no damage.
The orc is lightly wounded.
The stinking cloud engulfs the chaos spawn but does no damage.
The stinking cloud engulfs the orc but does no damage.
The orc is moderately wounded.
The stinking cloud engulfs the ogre but does no damage.
The ogre is heavily wounded.
You hear a shout! x5
Your orc priest barely misses the ogre.
The chaos spawn hits you!
* * * LOW HITPOINT WARNING * * *
The chaos spawn shocks you!
You die...

,***,,,*,,,*##4.o...o.o..#....##*
,,,**********..#.#ooTo###.....#,*
**,,,,,,,,,,,,#.4o{O.## *#......,
*************##oo.#o## ##.#.#.#
##.4ooo.# *###### ##☼#4ooo##


#.☼ooooo# ##4☼O#.## #o♣o### ##.## ### You could see an orc warlord, Snorg
(wandering), 2 chaos spawn, an orc sorcerer, a red devil (summoned), 4 orc
warriors, 2 ogres, 2 orc priests, 9 orcs and a friendly orc priest (summoned).

Vanquished Creatures
  An orc high priest (Orc:1)
  An orc knight (Orc:1)
  An orc sorcerer (Orc:2)
  A kobold demonologist (D:5)
  3 trolls
  Grinder (D:3)
  A meliai zombie (D:11)
  2 wyverns
  Eustachio (D:4)
  16 yaks
  2 steam dragons
  4 wargs
  2 water moccasins
  An ice beast (D:7)
  A sky beast (D:5)
  16 orc warriors
  3 black bears
  2 necrophages
  5 ogres
  5 centaurs
  A phantom (D:6)
  A kobold brigand (D:11)
  2 gnoll sergeants
  A bullfrog (D:7)
  3 scorpions
  3 killer bees (D:8)
  7 wights
  5 howler monkeys
  4 centaur zombies
  2 jellies
  A centaur skeleton (D:7)
  3 hounds
  13 orc priests
  A gnoll shaman (D:7)
  4 iguanas
  11 orc wizards
  A killer bee zombie (D:5)
  A howler monkey zombie (D:11)
  13 gnolls
  A howler monkey skeleton (D:4)
  4 adders
  A shadow imp (D:7)
  A worm (D:3)
  2 dart slugs
  66 orcs
  3 endoplasms
  3 giant cockroaches
  10 goblins
  8 hobgoblins
  2 jackals (D:3)
  3 quokkas
  12 ball pythons
  6 bats
  4 frilled lizards
  7 kobolds
  10 rats
289 creatures vanquished.

Vanquished Creatures (collateral kills)
  A warg (Orc:2)
  An orc warrior (Orc:2)
  2 orcs (Orc:2)
4 creatures vanquished.

Vanquished Creatures (others)
  5 plants
5 creatures vanquished.

Grand Total: 298 creatures vanquished

Notes
Turn   | Place    | Note
-------+----------+-------------------------------------------
     0 | D:1      | Atelerd the Octopode Earth Elementalist began the quest for
                  | the Orb.
     0 | D:1      | Reached XP level 1. HP: 11/11 MP: 3/3
   137 | D:1      | Reached XP level 2. HP: 17/17 MP: 3/5
   869 | D:1      | Reached XP level 3. HP: 21/21 MP: 6/6
  1298 | D:2      | Found a shimmering altar of Xom.
  1759 | D:3      | Reached XP level 4. HP: 15/27 MP: 0/8
  2792 | D:3      | Noticed Grinder
  2799 | D:3      | Paralysed by Grinder for 4 turns
  2849 | D:3      | Reached XP level 5. HP: 31/31 MP: 7/9
  2872 | D:3      | Learned a level 4 spell: Petrify
  2877 | D:3      | Learned a level 4 spell: Cause Fear
  2938 | D:4      | Noticed a black bear
  3006 | D:4      | Killed a black bear
  3103 | D:4      | Noticed a black bear
  3127 | D:4      | Noticed Eustachio
  3320 | D:4      | Killed Eustachio
  3321 | D:4      | Reached XP level 6. HP: 36/36 MP: 3/11
  3406 | D:3      | Killed Grinder
  3407 | D:3      | Reached skill level 5 in Earth Magic
  3407 | D:3      | Reached XP level 7. HP: 32/41 MP: 3/13
  3411 | D:3      | Learned a level 3 spell: Stone Arrow
  3668 | D:3      | Found a faded altar of an unknown god.
  4566 | D:4      | Reached skill level 5 in Stealth
  4740 | D:4      | Reached XP level 8. HP: 46/46 MP: 6/14
  4874 | D:5      | Entered Level 5 of the Dungeon
  5021 | D:5      | Noticed a kobold demonologist
  5025 | D:5      | Noticed an orange demon
  5037 | D:5      | Killed a kobold demonologist
  5038 | D:5      | Reached skill level 5 in Spellcasting
  5038 | D:5      | Reached skill level 5 in Transmutations
  5376 | D:5      | You fall into a shaft and drop 2 floors!
  5713 | D:6      | Reached XP level 9. HP: 35/51 MP: 12/17
  7346 | D:7      | Reached skill level 1 in Fighting
  7346 | D:7      | Reached skill level 1 in Short Blades
  8083 | D:7      | Got the Disquisition on Burning Evil Rituals
  8505 | D:7      | Found a staircase to the Ecumenical Temple.
  8528 | Temple   | Entered the Ecumenical Temple
  8538 | Temple   | Became a worshipper of Sif Muna the Loreminder
  8884 | D:7      | Found an opulent altar of Gozag.
  8884 | D:7      | Found a faded altar of an unknown god.
  8958 | D:7      | Found a basalt altar of Yredelemnul.
  8960 | D:7      | Found a burning altar of Makhleb.
  8962 | D:7      | Found a faded altar of an unknown god.
  9548 | D:8      | Reached XP level 10. HP: 60/60 MP: 8/21
  9692 | D:8      | Reached skill level 5 in Dodging
 10053 | D:8      | Found a radiant altar of Vehumet.
 10360 | D:8      | Found a staircase to the Lair.
 11450 | D:9      | Learned a level 3 spell: Mephitic Cloud
 11871 | D:9      | Reached skill level 1 in Conjurations
 11871 | D:9      | Reached skill level 1 in Air Magic
 11876 | D:9      | Reached skill level 1 in Poison Magic
 12035 | D:9      | Reached * piety under Sif Muna
 12407 | D:9      | Reached skill level 1 in Invocations
 12815 | D:10     | Entered Level 10 of the Dungeon
 12992 | D:10     | Found Baacymer's General Store.
 12999 | D:10     | Bought a scroll of noise for 12 gold pieces
 12999 | D:10     | Bought a potion of heal wounds for 60 gold pieces
 14226 | D:10     | Reached XP level 11. HP: 64/64 MP: 1/24
 14237 | D:9      | Reached ** piety under Sif Muna
 14365 | D:10     | Reached skill level 1 in Hexes
 14931 | D:10     | Found a staircase to the Orcish Mines.
 15156 | D:11     | Noticed a two-headed ogre
 15386 | D:11     | Noticed a five-headed hydra
 15622 | Orc:1    | Entered Level 1 of the Orcish Mines
 15622 | Orc:1    | Noticed an orc warlord
 15622 | Orc:1    | Noticed an orc sorcerer
 15641 | Orc:2    | Entered Level 2 of the Orcish Mines
 16075 | Orc:1    | Noticed an orc high priest
 16298 | Orc:1    | Killed an orc high priest
 16316 | Orc:1    | Reached skill level 10 in Spellcasting
 16813 | Orc:1    | Noticed an orc knight
 16859 | Orc:1    | Reached skill level 10 in Stealth
 16949 | Orc:1    | Killed an orc knight
 17074 | Orc:1    | Reached *** piety under Sif Muna
 17585 | Orc:2    | HP: 1/64 [troll (8)]
 17909 | Orc:2    | Noticed an orc sorcerer
 17910 | Orc:2    | Noticed Snorg
 17914 | Orc:2    | Noticed an orc sorcerer
 17923 | Orc:2    | Killed an orc sorcerer
 17940 | Orc:2    | Noticed an orc sorcerer
 17963 | Orc:2    | Noticed an orc high priest
 17965 | Orc:2    | Noticed an orc warlord
 17965 | Orc:2    | Noticed an orc sorcerer
 17997 | Orc:2    | HP: 2/96 [chaos spawn[an orc warlord] (11)]
 17997 | Orc:2    | Slain by a chaos spawn

Illustrated notes

Levels and vault maps discovered:
D:1:      amcnicky_arrival_blooded_trapdoor, layout_rooms, serial_corexii_hall,
          corexii_hall_statues_x, corexii_hall_statues_i,
          corexii_hall_statues_i, chequers_hall_statues_y
D:2:      layout_rooms, basic_altar, minmay_tromino_v4_b
D:3:      layout_rooms, serial_corexii_hall, chequers_hall_statues_corner_a,
          corexii_hall_statues_x, shapermc_ecumenical_altar_acropolis,
          uniq_grinder
D:4:      layout_basic, uniq_eustachio
D:5:      cheibrodos_iron_armory, layout_cave_pools, kennysheep_generic_room_15
D:6:      layout_basic
D:7:      layout_loops_ring, chequers_temple_overflow_minitemple,
          minmay_temple_entry_arrows, chequers_serial_rivers_micro_d
D:8:      layout_layer_cave, lemuel_tele_altar, erik_lair_orcish_takeover
D:9:      layout_roguey [special_room_orc]
D:10:     layout_cave_pools, orc_0_dummy, serial_shops, nicolae_shop_stone
D:11:     layout_rooms
Temple:   eino_narrow_crystal_temple
Orc:1:    layout_diamond_mine
Orc:2:    grunt_orc_community_town_hall, layout_caves,
          grunt_orc_community_big_house_1, grunt_orc_community_big_house_1,
          grunt_orc_community_house_3, grunt_orc_community_house_1,
          grunt_orc_community_house_2, grunt_orc_community_house_1,
          grunt_orc_community_house_1, uniq_snorg

Skill      XL: |  1  2  3  4  5  6  7  8  9 10 11 |
---------------+----------------------------------+-----
Transmutations | 2 3 4 6 |  6.0
Earth Magic    | 4 5 7 8 |  8.4
Spellcasting   | 3 4 5 7 9 10 | 10.0
Stealth        | 4 5 6 10 | 10.0
Fighting       | 2 |  2.0
Short Blades   | 2 |  2.0
Dodging        | 4 5 |  5.0
Conjurations   | 2 3 |  3.2
Air Magic      | 4 |  4.8
Poison Magic   | 2 |  2.0
Invocations    | 3 4 |  4.9
Hexes          | 2 |  2.0

Action                   |  1- 3 |  4- 6 |  7- 9 | 10-12 || total
-------------------------+-------+-------+-------+-------++-------
Melee: Unarmed           |     6 |       |       |       ||     6
       Constrict         |    10 |     6 |    19 |    28 ||    63
       Short sword       |    17 |       |       |       ||    17
       Tentacles         |     7 |     6 |    23 |    43 ||    79
       Dagger            |    22 |    23 |    70 |   141 ||   256
       Punch             |     1 |       |     1 |     2 ||     4
       Rapier            |       |     9 |    10 |       ||    19
 Cast: Sandblast         |    32 |    21 |    69 |   109 ||   231
       Petrify           |       |     5 |    21 |    86 ||   112
       Stone Arrow       |       |       |    35 |    89 ||   124
       Mephitic Cloud    |       |       |       |     8 ||     8
       Cause Fear        |       |       |       |     4 ||     4
Invok: Channel Magic     |       |       |       |     3 ||     3
  Use: Potion            |     1 |     4 |     3 |     8 ||    16
       Scroll            |       |     3 |     1 |    11 ||    15
 Stab: Sleeping          |    10 |     2 |     6 |     2 ||    20
       Petrified         |       |    21 |    34 |    94 ||   149
       Petrifying        |       |       |     3 |     1 ||     4
       Distracted        |       |       |       |     1 ||     1
Armor: Skin              |     5 |     4 |     9 |     9 ||    27
Dodge: Dodged            |    34 |    18 |    80 |   153 ||   285
